 Dungeon Crawl Stone Soup version 0.31-a0-774-g0d66cbabe8 (webtiles) character file.

Game seed: 11637997307872098155

53 Aneyh the Shooter (level 3, -1/21 HPs)
             Began as a Tengu Hunter on Sept 18, 2023.
             Killed from afar by Natasha (3 damage)
             ... with a magic dart
             ... on level 2 of the Dungeon.
             The game lasted 00:01:29 (757 turns).

Aneyh the Shooter (Tengu Hunter)                     Turns: 757, Time: 00:01:29

Health: -1/21      AC:  3    Str: 10 (11) XL:     3   Next: 89%
Magic:  4/4        EV: 12    Int:  6 (9)  God:
Gold:   50         SH:  0    Dex: 18 (19) Spells: 2/2 levels left

rFire   . . .        a - +0 shortbow
rCold   . . .        (shield currently unavailable)
rNeg    . . .        c - +0 leather armour
rPois   .            (helmet restricted)
rElec   .            (no cloak)
rCorr   .            (no gloves)
SInv    .            (boots unavailable)
Will    .....        (no amulet)
Stlth   ++           m - ring of wizardry
HPRegen 0.23/turn    (no ring)
MPRegen 0.09/turn

%: acrobat, wizardry (x1)
@: attractive, slowed, very slow
A: beak, talons 3, acrobatic
a: no special abilities


You were on level 2 of the Dungeon.
You visited 1 branch of the dungeon, and saw 2 of its levels.

You collected 50 gold pieces.

Inventory:

Hand Weapons
 a - a +0 shortbow (weapon)
 b - a +2 rapier of holy wrath
Armour
 c - a +0 leather armour (worn)
Jewellery
 m - a ring of wizardry (left hand)
Wands
 n - a wand of flame (22)
Scrolls
 e - 3 scrolls of identify {unknown}
 g - a scroll of noise {unknown}
 j - a scroll of revelation {unknown}
 k - a scroll of silence {unknown}
 l - a scroll of butterflies
 o - a scroll of teleportation {unknown}
Potions
 f - a potion of might {unknown}
 i - a potion of curing {unknown}


   Skills:
 - Level 2.0 Fighting
 + Level 5.9 Ranged Weapons
 - Level 2.1 Dodging
 - Level 1.0 Stealth


You had 2 spell levels left.
You didn't know any spells.
Your spell library was empty.

Dungeon Overview and Level Annotations

Branches:
Dungeon (2/15)

Altars:

Shops:
D:1 =

Annotations:
D:2 Natasha


Innate Abilities, Weirdness & Mutations

You have a beak for a mouth.
You have claws for feet.
You can magically evade attacks while moving or waiting.


Message History

You shoot an arrow. The arrow closely misses Natasha.
You shoot an arrow.
The arrow hits Natasha but does no damage.
You shoot an arrow. The arrow hits Natasha.
Natasha is lightly wounded.
Natasha stares at you and mumbles some strange words.
The magic dart hits you.
You shoot an arrow. The arrow hits Natasha.
Natasha is moderately wounded.
You shoot an arrow. The arrow hits Natasha!
Natasha is almost dead.
Natasha hisses.
Natasha closely misses you.
You shoot an arrow. The arrow closely misses Natasha.
Natasha casts a spell at you.
You feel yourself slow down.
You shoot an arrow. The arrow closely misses Natasha.
Natasha claws you. x2
You are too injured to fight recklessly!
You are too injured to fight recklessly!
Unknown command.
You are too injured to fight recklessly!
You shoot an arrow. The arrow barely misses Natasha.
Natasha stares at you and mumbles some strange words.
The magic dart hits you.
* * * LOW HITPOINT WARNING * * *
Natasha mewls in sadness.
Natasha stares at you and mumbles some strange words.
The magic dart hits you.
* * * LOW HITPOINT WARNING * * *
It was a potion of degeneration.
There was something very wrong with that liquid.
You feel weakened.
You feel dopey.
You feel clumsy. Natasha casts a spell at you.
You feel as though you will be slow longer.
It was a potion of attraction.
You feel attractive to monsters. Natasha casts a spell at you.
The magic dart hits you.
You die...
Natasha begins licking her fur clean.

#.# #.#
##.# #..#
#.## #.#
#.# #.#
#@#
#.h.....#
######...


You could see Natasha.

Vanquished Creatures
  An adder (D:2)
  2 dart slugs (D:1)
  A bat (D:1)
  6 endoplasms
  A giant cockroach (D:1)
  4 goblins (D:1)
  2 hobgoblins (D:1)
  2 quokkas
  4 ball pythons
  6 frilled lizards
  4 kobolds
  7 rats
40 creatures vanquished.

Notes
Turn   | Place    | Note
-------+----------+-------------------------------------------
     0 | D:1      | Aneyh the Tengu Hunter began the quest for the Orb.
     0 | D:1      | Reached XP level 1. HP: 12/12 MP: 2/2
    72 | D:1      | Reached XP level 2. HP: 17/17 MP: 3/3
    98 | D:1      | Reached skill level 5 in Ranged Weapons
   180 | D:1      | Found Ostaelid's Jewellery Shoppe.
   288 | D:1      | Reached XP level 3. HP: 21/21 MP: 4/4
   746 | D:2      | Noticed Natasha
   755 | D:2      | HP: 1/21 [Natasha/magic dart (1)]
   757 | D:2      | Killed from afar by Natasha

Illustrated notes

Levels and vault maps discovered:
D:1:      dpeg_arrival_round_b, layout_basic, serial_shops, nicolae_diamond_shop
D:2:      layout_loops_cross, basic_altar, kennysheep_potato, uniq_natasha

Skill      XL: |  1  2 |
---------------+-------+-----
Ranged Weapons | 5 |  5.9
Fighting       | |  2.0
Dodging        | |  2.1
Stealth        | |  1.0

Action                     || total
---------------------------++-------
   Fire: Shortbow          ||    97
    Use: Potion            ||     2
 Armour: Leather armour    ||    17
  Dodge: Dodged            ||    10

Table legend: (Time is in decaauts)
 A = Elapsed time spent in this place.
 B = Non-inter-level travel time spent in this place.
 C = Inter-level travel time spent in this place.
 D = Time resting spent in this place.
 E = Time spent auto-exploring this place.
 F = Levels seen in this place.
 G = Mean time per level.
                   A        B        C        D        E       F      G
               +--------+--------+--------+--------+--------+-----+--------+
         Total |    776 |    751 |     25 |     50 |    530 |   2 |  388.0 |
       Dungeon |    776 |    751 |     25 |     50 |    530 |   2 |  388.0 |
               +--------+--------+--------+--------+--------+-----+--------+

Top non-repeatable levels by time:
     D:1: 614 daAuts
     D:2: 162 daAuts
